 Dungeon Crawl Stone Soup version 0.19.4-10-g532645f (webtiles) character file.

446 Ponchio the Conjurer (level 6, -1/32 HPs)
             Began as a Deep Elf Conjurer on Feb 24, 2017.
             Slain by Duvessa
             ... wielding a +2 short sword of draining
              (15 damage)
             ... on level 5 of the Dungeon.
             The game lasted 00:23:03 (3990 turns).

Ponchio the Conjurer (Deep Elf Conjurer)            Turns: 3990, Time: 00:23:03

Health: -1/32      AC:  5    Str:  5    XL:     6   Next: 73%
Magic:  0/15       EV: 12    Int: 22    God:
Gold:   35         SH:  0    Dex: 15    Spells: 3 memorised, 5 levels left

rFire  . . .     SeeInvis .     v - +0 short sword (flame)
rCold  . . .     Gourm    .     a - +0 robe
rNeg   . . .     Faith    .     (no shield)
rPois  .         Spirit   .     p - +0 helmet (curse)
rElec  .         Reflect  .     f - +1 cloak
rCorr  .         Harm     .     (no gloves)
MR     .....                    (no boots)
Stlth  ++........               d - amulet of regeneration
                                (no ring)
                                r - +3 ring of slaying

@: very slightly contaminated, drained
A: mutation resistance 1
a: no special abilities


You were on level 5 of the Dungeon.
You were hungry.

You visited 1 branch of the dungeon, and saw 5 of its levels.

You collected 239 gold pieces.
You spent 204 gold pieces at shops.

Inventory:

Hand Weapons
 v - a +0 short sword of flaming (weapon)
Armour
 a - a +0 robe (worn)
 f - a +1 cloak (worn)
 p - a cursed +0 helmet (worn)
Jewellery
 d - an amulet of regeneration (around neck)
 r - a +3 ring of slaying (left hand)
Scrolls
 e - 4 scrolls of identify
 k - 4 scrolls of remove curse
 o - 3 scrolls of teleportation
 s - a scroll of immolation {unknown}
Potions
 h - a potion of flight
 i - a potion of magic
 j - 2 potions of heal wounds
 l - a potion of curing
 q - 2 potions of cancellation
 t - a potion of resistance
 w - a potion of agility
Books
 b - a book of Conjurations

   Spells                             Type                      Level
   a - Magic Dart                     Conjuration                  1
   b - Searing Ray                    Conjuration                  2
   c - Dazzling Spray                 Conjuration/Hexes            3
   d - Fulminant Prism                Conjuration/Hexes            4
   e - Iskenderun's Mystic Blast      Conjuration                  4
   f - Iskenderun's Battlesphere      Conjuration/Charms           5
 m - a book of Maledictions

   Spells                             Type                      Level
   a - Corona                         Hexes                        1
   b - Ensorcelled Hibernation        Hexes/Ice                    2
   c - Confuse                        Hexes                        3
   d - Tukima's Dance                 Hexes                        3
   e - Dazzling Spray                 Conjuration/Hexes            3
Comestibles
 c - 4 bread rations
 g - a meat ration
 n - 3 fruits
 u - 3 chunks of flesh


   Skills:
 - Level 2.4(2.0) Dodging
 - Level 2.4(2.0) Stealth
 + Level 4.8(4.4) Spellcasting
 + Level 5.4(5.0) Conjurations
 - Level 5.2(4.8) Hexes
 + Level 5.3(4.9) Charms


You had 5 spell levels left.
You knew the following spells:

 Your Spells              Type           Power        Failure   Level  Hunger
a - Magic Dart            Conj           ####         1%          1    None
b - Dazzling Spray        Conj/Hex       ####..       4%          3    ##.....
c - Iskenderun's Battles  Conj/Chrm      ####....     38%         5    ######.


Dungeon Overview and Level Annotations

Branches:
Dungeon (5/15)
 Temple: D:4-7

Altars:
Gozag
Sif Muna
Zin

Shops:
D:4 [(?}?

Annotations:
D:3 sinus's ghost, amateur MiBe
D:5 Duvessa


Innate Abilities, Weirdness & Mutations

You are somewhat resistant to further mutation.


Message History

The magic dart hits Duvessa.
Duvessa is moderately wounded.
Your battlesphere fires!
The barrage of energy hits Duvessa.
Duvessa is moderately wounded.
Duvessa barely misses you.
Casting: Magic Dart
Confirm with . or Enter, or press ? or * to list all spells.
Aiming: Magic Dart
Press: ? - help, Shift-Dir - straight line, f/p - Duvessa
Aim: Duvessa, wielding a short sword of draining and wearing a ring mail (moderately wounded, berserk, fast, unusually strong, blind)
The magic dart hits Duvessa.
Duvessa is heavily wounded.
Duvessa barely misses you.
Your battlesphere fires!
The barrage of energy hits Duvessa.
Duvessa is severely wounded.
Your battlesphere expends the last of its energy and dissipates.
Duvessa hits you with a short sword of draining!
You die...

..# ..#
.##################..###
.......................#
#......>...##§......#
#....†..............#
##.#######.#........#
#.# #..#..@......# #.#
#...##e.).....# #.#
##..#.#.......# #.#
#.#.#####.#### ###
#.#####.#.#####.#
#.###.#..........e. #
...##.#.# #.# ......#.#
#.# ...####.# #.#


You could see Duvessa (berserk).

Vanquished Creatures
  A scorpion (D:4)
  Dowan (D:5)
  2 orc wizards
  An orc priest (D:5)
  A bullfrog skeleton (D:5)
  Jessica (D:3)
  A worker ant (D:5)
  A hound skeleton (D:4)
  5 gnolls (D:4)
  4 adders
  3 worms
  2 dart slugs
  3 leopard geckos
  13 orcs
  4 giant cockroaches
  4 hobgoblins
  2 quokkas (D:4)
  5 bats
  6 frilled lizards
  5 goblins
  8 kobolds
  3 rats
76 creatures vanquished.

Notes
Turn   | Place    | Note
-------+----------+-------------------------------------------
     0 | D:1      | Ponchio the Deep Elf Conjurer began the quest for the Orb.
     0 | D:1      | Reached XP level 1. HP: 10/10 MP: 6/6
     5 | D:1      | You fall through a shaft!
    49 | D:2      | Reached XP level 2. HP: 15/15 MP: 1/8
   761 | D:1      | Reached skill level 5 in Conjurations
   768 | D:1      | Reached XP level 3. HP: 19/19 MP: 6/10
   773 | D:1      | Learned a level 3 spell: Dazzling Spray
  1212 | D:2      | Reached skill level 1 in Hexes
  1671 | D:2      | Found a glowing silver altar of Zin.
  1916 | D:3      | Noticed sinus's ghost (amateur MiBe)
  2105 | D:3      | Reached XP level 4. HP: 24/24 MP: 1/12
  2590 | D:3      | Noticed Jessica
  2593 | D:3      | Killed Jessica
  2602 | D:3      | Found a deep blue altar of Sif Muna.
  2607 | D:3      | Reached skill level 5 in Hexes
  2607 | D:3      | Reached XP level 5. HP: 17/28 MP: 1/13
  2767 | D:3      | Gained mutation: You are robust. (+10% HP) [potion of mutation]
  2767 | D:3      | Lost mutation: You are robust. (+10% HP) [potion of mutation]
  2767 | D:3      | Gained mutation: Your spells are a little easier to cast, but a little less powerful. [potion of mutation]
  2768 | D:3      | Lost mutation: Your spells are a little easier to cast, but a little less powerful. [potion of mutation]
  2768 | D:3      | Gained mutation: You are somewhat resistant to further mutation. [potion of mutation]
  2972 | D:4      | Learned a level 5 spell: Iskenderun's Battlesphere
  2977 | D:4      | Reached skill level 1 in Charms
  3105 | D:4      | Found an opulent altar of Gozag.
  3124 | D:4      | Found Tacenak's Magic Scroll Shoppe.
  3127 | D:4      | Bought a scroll of identify for 24 gold pieces
  3127 | D:4      | Bought a scroll of remove curse for 36 gold pieces
  3127 | D:4      | Bought a scroll of identify for 24 gold pieces
  3127 | D:4      | Bought a scroll of identify for 24 gold pieces
  3127 | D:4      | Bought a scroll of remove curse for 36 gold pieces
  3127 | D:4      | Bought a scroll of identify for 24 gold pieces
  3127 | D:4      | Bought a scroll of remove curse for 36 gold pieces
  3135 | D:4      | Found Xateasch's Gadget Shop.
  3137 | D:4      | Found Hacaas's Magic Scroll Emporium.
  3307 | D:4      | Found Qoroexaf's Armour Shoppe.
  3414 | D:4      | Reached XP level 6. HP: 32/32 MP: 8/14
  3601 | D:4      | Found Fawyac's Antique Weapon Boutique.
  3645 | D:5      | Entered Level 5 of the Dungeon
  3663 | D:5      | Noticed Duvessa
  3865 | D:5      | Reached skill level 5 in Charms
  3981 | D:5      | Noticed Dowan
  3986 | D:5      | Killed Dowan
  3990 | D:5      | Slain by Duvessa

Skill      XL: |  1  2  3  4  5  6 |
---------------+-------------------+-----
Spellcasting   | 4 |  4.8
Conjurations   | 5 |  5.4
Hexes          | 3 5 |  5.2
Charms         | 4 5 |  5.3
Dodging        | |  2.4
Stealth        | |  2.4

Action                   |  1- 3 |  4- 6 || total
-------------------------+-------+-------++-------
Melee: Dagger            |     2 |       ||     2
       Short sword       |       |    11 ||    11
 Cast: Magic Dart        |    81 |    85 ||   166
       Dazzling Spray    |     6 |    12 ||    18
       Iskenderun's Batt |       |     1 ||     1
  Use: Scroll            |       |    13 ||    13
       Potion            |       |     2 ||     2
  Eat: Chunk             |     2 |     6 ||     8
       Royal jelly       |     1 |       ||     1
Armor: Robe              |     1 |     5 ||     6
Dodge: Dodged            |    13 |    29 ||    42
